[ PARTIDA AOE2 · #478060752 ]
1v1 RMCoreanos vs Tupi
Equipo del jugador · DERR
Equipo rival · VICT
[ ANÁLISIS DE REPETICIÓN · EXTRAÍDO DE LA PARTIDA GRABADA ]
Feudal
10:26
Castillos
17:49
Imperial
41:46
| APM promedio | 49.4 |
| APM pico | 106 |
| eAPM promedio | 30.6 |
| Aldeanos / militares | 252 / 766 |
Foco
⚔️ 51.4% · 🌾 48.6%
Skirmisher ×365 · Hand Cannoneer ×115 · Scout Cavalry ×94 · Fire Lancer ×82 · Archer ×67 · Iron Pagoda ×38
Feudal
11:20
Castillos
14:50
Imperial
37:47
| APM promedio | 47.4 |
| APM pico | 87 |
| eAPM promedio | 21.6 |
| Aldeanos / militares | 183 / 28 |
Foco
⚔️ 52.1% · 🌾 47.9%
Unknown (2550) ×497 · Unknown (2579) ×238 · Trebuchet (Packed) ×18 · Monk ×4 · Mangonel ×4 · Battering Ram ×2
Mapa de la partida
Recursos iniciales + cada clic de construcción. Líneas = muros · curvas = relieve. ◆ oro · ⬟ piedra · ● bayas · ✦ reliquia · ◌ hueco del cierre
Tu base· ✓ Cerrada en 17:49 · 14t muro · frágil
Base de veganmAyoE· ✓ Cerrada en 14:50 · 4t muro · 1 puerta(s)
Terreno inicial suavizado · ◌ = hueco del cierre detectado · pasá el cursor para detalles
Inputs por minuto
— DanielArria - - veganmAyoE
Build order — DanielArria
Primeras 150 de 1353 acciones detectadas
| 0:04 | Construir | House |
| 0:05 | Construir | House |
| 0:10 | Crear | Villager (Male) |
| 0:10 | Crear | Villager (Male) |
| 0:11 | Crear | Villager (Male) |
| 0:11 | Crear | Villager (Male) |
| 1:20 | Investigar | Loom |
| 1:42 | Crear | Villager (Male) |
| 1:42 | Crear | Villager (Male) |
| 1:58 | Crear | Villager (Male) |
| 2:33 | Crear | Villager (Male) |
| 2:33 | Crear | Villager (Male) |
| 2:34 | Crear | Villager (Male) |
| 2:47 | Construir | Lumber Camp |
| 3:01 | Crear | Villager (Male) |
| 3:35 | Crear | Villager (Male) |
| 3:39 | Construir | House |
| 3:42 | Construir | House |
| 4:03 | Crear | Villager (Male) |
| 4:08 | Crear | Villager (Male) |
| 4:47 | Crear | Villager (Male) |
| 5:25 | Crear | Villager (Male) |
| 5:29 | Construir | Mill |
| 5:45 | Crear | Villager (Male) |
| 6:36 | Crear | Villager (Male) |
| 6:57 | Crear | Villager (Male) |
| 7:27 | Construir | House |
| 7:28 | Construir | House |
| 7:30 | Construir | Mining Camp |
| 7:49 | Crear | Villager (Male) |
| 8:16 | Investigar | Feudal Age |
| 9:27 | Construir | Barracks |
| 9:28 | Crear | Villager (Male) |
| 9:56 | Crear | Villager (Male) |
| 10:18 | Construir | Lumber Camp |
| 10:26 | Edad | Edad Feudal |
| 10:30 | Construir | Palisade Wall |
| 10:32 | Crear | Villager (Male) |
| 11:08 | Construir | House |
| 11:09 | Crear | Villager (Male) |
| 11:31 | Investigar | Double-Bit Axe |
| 11:37 | Construir | Palisade Wall |
| 12:01 | Construir | Watch Tower |
| 12:19 | Construir | Watch Tower |
| 12:25 | Construir | House |
| 12:32 | Crear | Villager (Male) |
| 12:33 | Crear | Villager (Male) |
| 12:33 | Crear | Villager (Male) |
| 13:09 | Construir | Archery Range |
| 13:15 | Construir | Mining Camp |
| 13:23 | Construir | Mining Camp |
| 13:24 | Crear | Villager (Male) |
| 13:30 | Crear | Villager (Male) |
| 13:43 | Construir | Watch Tower |
| 14:04 | Construir | Market |
| 14:11 | Crear | Villager (Male) |
| 14:13 | Crear | Archer |
| 15:09 | Investigar | Castle Age |
| 15:10 | Investigar | Castle Age |
| 15:15 | Construir | Farm |
| 15:15 | Construir | Farm |
| 15:16 | Construir | Farm |
| 15:16 | Construir | Farm |
| 15:16 | Construir | Farm |
| 15:39 | Crear | Archer |
| 15:39 | Crear | Archer |
| 16:09 | Crear | Archer |
| 16:20 | Construir | Palisade Wall |
| 16:27 | Crear | Archer |
| 16:30 | Construir | Blacksmith |
| 16:31 | Crear | Villager (Male) |
| 16:31 | Crear | Villager (Male) |
| 16:32 | Crear | Villager (Male) |
| 16:46 | Construir | Palisade Wall |
| 16:47 | Construir | Palisade Wall |
| 17:05 | Crear | Skirmisher |
| 17:05 | Crear | Skirmisher |
| 17:11 | Construir | Archery Range |
| 17:12 | Crear | Villager (Male) |
| 17:13 | Crear | Villager (Male) |
| 17:18 | Crear | Skirmisher |
| 17:18 | Crear | Skirmisher |
| 17:21 | Construir | Barracks |
| 17:29 | Construir | Archery Range |
| 17:36 | Investigar | Fletching |
| 17:43 | Investigar | Horse Collar |
| 17:47 | Crear | Skirmisher |
| 17:47 | Crear | Skirmisher |
| 17:48 | Crear | Skirmisher |
| 17:49 | Edad | Edad de los Castillos |
| 18:25 | Investigar | Bodkin Arrow |
| 18:34 | Crear | Villager (Male) |
| 18:34 | Crear | Villager (Male) |
| 19:11 | Construir | Town Center |
| 19:14 | Crear | Villager (Male) |
| 19:22 | Crear | Villager (Male) |
| 19:22 | Crear | Villager (Male) |
| 19:22 | Crear | Villager (Male) |
| 19:32 | Crear | Skirmisher |
| 19:33 | Crear | Skirmisher |
| 19:33 | Crear | Skirmisher |
| 19:46 | Construir | Mining Camp |
| 20:28 | Construir | Town Center |
| 20:44 | Crear | Villager (Male) |
| 20:44 | Crear | Villager (Male) |
| 20:44 | Crear | Villager (Male) |
| 20:53 | Crear | Villager (Male) |
| 21:04 | Construir | Farm |
| 21:05 | Construir | Farm |
| 21:05 | Construir | Farm |
| 21:05 | Construir | Farm |
| 21:11 | Construir | Watch Tower |
| 21:27 | Construir | Farm |
| 21:29 | Construir | Farm |
| 21:29 | Construir | Farm |
| 21:30 | Construir | Farm |
| 21:30 | Construir | Farm |
| 21:30 | Construir | Farm |
| 21:42 | Construir | Farm |
| 21:49 | Crear | Villager (Male) |
| 22:03 | Construir | Farm |
| 22:11 | Crear | Fire Lancer |
| 22:16 | Crear | Villager (Male) |
| 22:26 | Construir | Farm |
| 22:26 | Construir | Farm |
| 22:26 | Construir | Farm |
| 22:37 | Crear | Skirmisher |
| 22:49 | Crear | Villager (Male) |
| 22:49 | Crear | Villager (Male) |
| 22:59 | Investigar | Heavy Plow |
| 23:10 | Construir | Mill |
| 23:17 | Crear | Villager (Male) |
| 23:28 | Construir | Farm |
| 23:33 | Crear | Villager (Male) |
| 23:56 | Construir | Archery Range |
| 23:59 | Crear | Skirmisher |
| 23:59 | Crear | Skirmisher |
| 23:59 | Crear | Skirmisher |
| 24:05 | Construir | Watch Tower |
| 24:16 | Crear | Villager (Male) |
| 24:16 | Crear | Villager (Male) |
| 24:17 | Crear | Villager (Male) |
| 24:17 | Crear | Villager (Male) |
| 24:20 | Construir | Farm |
| 24:22 | Crear | Villager (Male) |
| 24:39 | Crear | Villager (Male) |
| 24:57 | Crear | Skirmisher |
| 24:58 | Crear | Skirmisher |
| 24:58 | Crear | Skirmisher |
| 25:17 | Construir | House |
Build order — veganmAyoE
Primeras 150 de 809 acciones detectadas
| 0:00 | Crear | Villager (Male) |
| 0:00 | Crear | Villager (Male) |
| 0:00 | Crear | Villager (Male) |
| 0:03 | Construir | House |
| 0:05 | Construir | House |
| 0:12 | Crear | Villager (Male) |
| 0:13 | Crear | Villager (Male) |
| 1:06 | Crear | Villager (Male) |
| 1:06 | Crear | Villager (Male) |
| 1:31 | Crear | Villager (Male) |
| 1:31 | Crear | Villager (Male) |
| 1:51 | Crear | Villager (Male) |
| 1:51 | Crear | Villager (Male) |
| 1:56 | Construir | Settlement |
| 2:26 | Crear | Villager (Male) |
| 2:26 | Crear | Villager (Male) |
| 2:55 | Crear | Villager (Male) |
| 2:55 | Crear | Villager (Male) |
| 3:40 | Crear | Villager (Male) |
| 3:40 | Crear | Villager (Male) |
| 3:40 | Crear | Villager (Male) |
| 4:03 | Crear | Villager (Male) |
| 4:03 | Crear | Villager (Male) |
| 4:23 | Crear | Villager (Male) |
| 4:23 | Crear | Villager (Male) |
| 5:05 | Crear | Villager (Male) |
| 5:20 | Construir | House |
| 5:24 | Crear | Villager (Male) |
| 5:24 | Crear | Villager (Male) |
| 5:31 | Construir | Settlement |
| 5:57 | Crear | Villager (Male) |
| 6:15 | Construir | House |
| 6:18 | Construir | Palisade Wall |
| 6:45 | Crear | Villager (Male) |
| 6:45 | Crear | Villager (Male) |
| 7:53 | Crear | Villager (Male) |
| 7:53 | Crear | Villager (Male) |
| 8:06 | Investigar | Loom |
| 8:07 | Crear | Villager (Male) |
| 8:19 | Construir | Settlement |
| 8:30 | Investigar | Feudal Age |
| 9:03 | Construir | House |
| 9:04 | Construir | House |
| 10:31 | Construir | Palisade Gate |
| 10:32 | Construir | House |
| 10:55 | Crear | Villager (Male) |
| 10:55 | Crear | Villager (Male) |
| 11:20 | Edad | Edad Feudal |
| 11:22 | Construir | Market |
| 11:24 | Construir | Blacksmith |
| 12:02 | Investigar | Castle Age |
| 12:18 | Construir | Settlement |
| 13:20 | Investigar | Double-Bit Axe |
| 13:48 | Construir | Outpost |
| 14:07 | Crear | Villager (Male) |
| 14:50 | Edad | Edad de los Castillos |
| 15:03 | Crear | Villager (Male) |
| 15:16 | Construir | Castle |
| 15:23 | Crear | Villager (Male) |
| 15:24 | Crear | Villager (Male) |
| 16:11 | Construir | Siege Workshop |
| 16:27 | Investigar | Fletching |
| 16:29 | Crear | Unit 2579 |
| 16:29 | Crear | Unit 2579 |
| 16:29 | Crear | Unit 2579 |
| 16:29 | Crear | Unit 2579 |
| 16:40 | Construir | House |
| 16:59 | Crear | Villager (Male) |
| 17:09 | Crear | Battering Ram |
| 17:09 | Crear | Battering Ram |
| 17:13 | Crear | Unit 2579 |
| 17:14 | Crear | Unit 2579 |
| 17:14 | Crear | Villager (Male) |
| 17:57 | Investigar | Padded Archer Armor |
| 18:35 | Crear | Unit 2579 |
| 18:35 | Crear | Unit 2579 |
| 18:40 | Construir | Farm |
| 18:41 | Construir | Farm |
| 18:42 | Construir | Farm |
| 19:34 | Crear | Unit 2579 |
| 19:35 | Crear | Unit 2579 |
| 19:39 | Construir | Farm |
| 19:41 | Construir | Farm |
| 19:46 | Construir | Farm |
| 19:52 | Crear | Villager (Male) |
| 19:52 | Crear | Villager (Male) |
| 19:52 | Crear | Villager (Male) |
| 20:17 | Construir | Farm |
| 20:23 | Construir | Farm |
| 20:24 | Crear | Villager (Male) |
| 20:24 | Crear | Villager (Male) |
| 20:41 | Construir | Outpost |
| 20:47 | Crear | Unit 2579 |
| 20:47 | Crear | Unit 2579 |
| 21:12 | Crear | Unit 2579 |
| 21:13 | Crear | Unit 2579 |
| 21:17 | Construir | Farm |
| 21:36 | Crear | Villager (Male) |
| 21:52 | Crear | Unit 2579 |
| 21:53 | Crear | Unit 2579 |
| 22:04 | Investigar | Bodkin Arrow |
| 22:20 | Construir | Farm |
| 22:45 | Crear | Villager (Male) |
| 22:45 | Crear | Villager (Male) |
| 23:11 | Crear | Villager (Male) |
| 23:11 | Crear | Villager (Male) |
| 23:12 | Crear | Unit 2579 |
| 23:12 | Crear | Unit 2579 |
| 23:13 | Crear | Unit 2579 |
| 23:13 | Crear | Unit 2579 |
| 23:13 | Crear | Unit 2579 |
| 23:49 | Investigar | Leather Archer Armor |
| 23:59 | Construir | Farm |
| 24:00 | Crear | Villager (Male) |
| 24:01 | Crear | Villager (Male) |
| 24:18 | Construir | Town Center |
| 24:28 | Crear | Villager (Male) |
| 24:28 | Crear | Villager (Male) |
| 25:08 | Crear | Villager (Male) |
| 25:19 | Construir | Barracks |
| 25:28 | Crear | Villager (Male) |
| 25:33 | Crear | Mangonel |
| 25:33 | Crear | Mangonel |
| 25:38 | Construir | House |
| 25:46 | Construir | Farm |
| 25:53 | Crear | Villager (Male) |
| 26:05 | Construir | Farm |
| 26:07 | Crear | Villager (Male) |
| 26:08 | Crear | Villager (Male) |
| 26:38 | Crear | Villager (Male) |
| 26:38 | Crear | Villager (Male) |
| 26:43 | Crear | Villager (Male) |
| 26:46 | Construir | Farm |
| 26:49 | Construir | Farm |
| 26:59 | Crear | Villager (Male) |
| 27:02 | Investigar | Town Watch |
| 27:05 | Investigar | Wheelbarrow |
| 27:12 | Construir | Town Center |
| 27:20 | Crear | Villager (Male) |
| 27:20 | Crear | Villager (Male) |
| 27:23 | Crear | Unit 2579 |
| 27:24 | Crear | Unit 2579 |
| 27:24 | Crear | Unit 2579 |
| 27:24 | Crear | Unit 2579 |
| 27:36 | Investigar | Tech 1402 |
| 27:38 | Investigar | Squires |
| 27:57 | Crear | Mangonel |
| 28:06 | Construir | Farm |
| 28:07 | Investigar | Horse Collar |
| 28:11 | Construir | Farm |
Cronología de la partida
| 6:18 | veganmAyoE · wall_segment Palisade Wall x4 |
| 9:27 | DanielArria · first_building Barracks |
| 10:26 | DanielArria · age_up feudal |
| 10:30 | DanielArria · wall_segment Palisade Wall x4 |
| 11:20 | veganmAyoE · age_up feudal |
| 11:37 | DanielArria · wall_segment Palisade Wall x3 |
| 13:09 | DanielArria · first_building Archery Range |
| 13:28 | veganmAyoE · first_market_sell 100 wood |
| 13:30 | veganmAyoE · first_market_buy 100 stone |
| 14:50 | veganmAyoE · age_up castle |
| 15:08 | DanielArria · first_market_sell 100 wood |
| 15:16 | veganmAyoE · first_building Castle |
| 16:11 | veganmAyoE · first_building Siege Workshop |
| 16:20 | DanielArria · wall_segment Palisade Wall x5 |
| 16:46 | DanielArria · wall_segment Palisade Wall x1 |
| 16:47 | DanielArria · wall_segment Palisade Wall x1 |
| 17:49 | DanielArria · age_up castle |
| 18:18 | DanielArria · first_market_buy 100 food |
| 25:19 | veganmAyoE · first_building Barracks |
| 30:26 | veganmAyoE · first_building Monastery |
| 37:04 | DanielArria · first_building Siege Workshop |
| 37:47 | veganmAyoE · age_up imperial |
| 41:46 | DanielArria · age_up imperial |
| 42:00 | DanielArria · first_building Castle |
| 42:13 | veganmAyoE · wall_segment Stone Wall x1 |
| 54:20 | DanielArria · first_building Stable |
| 62:49 | veganmAyoE · wall_segment Stone Wall x11 |
| 79:15 | DanielArria · resign |
[ ANÁLISIS IA · 1 CRÉDITO ]
¿Qué pasó realmente en esta partida?
Wolo.gg analiza cada decisión: build order, eco, micro, errores típicos por bracket. Análisis personalizado por WhatsApp o Discord en 30 segundos.
Guía civ
Coreanos
Guía mapa
Enclosed
Perfil
DanielArria